 Dungeon Crawl Stone Soup version 0.27.1-2-g3b301248ec (webtiles) character file.

Game seed: 1286910144234181577

12483 Icepheonix32 the Summoner (level 11, -28/65 HPs)
             Began as a Demonspawn Summoner on Sept 25, 2021.
             Was an Elder of Hepliaklqana.
             Annihilated by an orc knight (29 damage)
             ... on level 1 of the Orcish Mines.
             The game lasted 00:50:47 (12750 turns).

Icepheonix32 the Summoner (Demonspawn Summoner)    Turns: 12750, Time: 00:50:48

Health: -28/65     AC:  9    Str: 11    XL:     11   Next: 63%
Magic:  20/33      EV: 16    Int: 17    God:    Hepliaklqana [****..]
Gold:   616        SH:  0    Dex: 14    Spells: 3/29 levels left

rFire    . . .     SeeInvis .   C - +6 spear
rCold    . . .     Faith    .   (no shield)
rNeg     . . .     Spirit   .   E - +0 acid dragon scales
rPois    .         Reflect  .   (no helmet)
rElec    .         Harm     .   y - +0 cloak
rCorr    +         Rampage  .   (no gloves)
Will     .....                  c - +0 pair of boots
Stlth    ++........             t - amulet of regeneration
HPRegen  1.20/turn              v - +4 ring of evasion
MPRegen  0.23/turn              F - ring of magical power

@: no status effects
A: reduced essence, talons 2, demonic guardian 1, powered by death 1, sturdy
frame 1
a: Renounce Religion, Recall Ancestor, Ancestor Identity, Transference, Idealise


You were on level 1 of the Orcish Mines.
You worshipped Hepliaklqana.
Hepliaklqana was greatly pleased with you.
You visited 3 branches of the dungeon, and saw 12 of its levels.

You collected 866 gold pieces.
You spent 250 gold pieces at shops.

Inventory:

Hand Weapons
 a - a +3 scythe of venom
 i - a +4 spear
 A - the +4 war axe of Sudden Death {vorpal, rPois Will+ Dex+6}
   (You found it on level 6 of the Dungeon)

   It inflicts extra damage upon your enemies.
   Dex:       It affects your dexterity (+6).
   rPois:     It protects you from poison.
   Will:      It increases your willpower.
 C - a +6 spear (weapon)
Missiles
 d - 4 throwing nets
 h - 42 poisoned darts
 l - 7 boomerangs (quivered)
 q - 6 atropa-tipped darts
 H - 5 boomerangs of dispersal
 J - 4 silver boomerangs
Armour
 c - a +0 pair of boots (worn)
 k - a +1 leather armour
 x - a +3 chain mail
 y - a +0 cloak (worn)
 E - +0 acid dragon scales (worn)
 K - a +0 chain mail of willpower
Jewellery
 t - an amulet of regeneration (around neck)
 v - a +4 ring of evasion (left hand)
 F - a ring of magical power (right hand)
Wands
 f - a wand of acid (8)
 D - a wand of paralysis (4)
 L - a wand of mindburst (14)
Scrolls
 e - 4 scrolls of enchant armour
 g - 4 scrolls of immolation
 m - 6 scrolls of teleportation
 n - 2 scrolls of vulnerability
 o - a scroll of fear
 s - a scroll of fog
 w - a scroll of magic mapping
 G - a scroll of amnesia {unknown}
Potions
 b - a potion of ambrosia
 j - a potion of might
 p - a potion of brilliance
 r - 2 potions of heal wounds
 u - a potion of flight
 z - a potion of haste
 B - a potion of magic
 M - 2 potions of attraction {unknown}


   Skills:
 + Level 2.4 Fighting
 + Level 0.1(2.5) Axes
 + Level 4.3 Polearms
 * Level 4.6 Armour
 + Level 3.2 Dodging
 + Level 3.1 Stealth
 * Level 9.9 Spellcasting
 * Level 6.1 Hexes
 * Level 10.6 Summonings
 * Level 3.0 Ice Magic
 + Level 0.9 Air Magic
 + Level 5.1 Invocations
 + Level 0.1 Evocations


You had 3 spell levels left.
You knew the following spells:

 Your Spells              Type           Power      Damage    Failure   Level
a - Summon Small Mammal   Summ           100%       N/A       1%          1
b - Call Imp              Summ           44%        N/A       1%          2
c - Summon Guardian Gole  Hex/Summ       37%        N/A       1%          3
d - Call Canine Familiar  Summ           44%        N/A       1%          3
e - Slow                  Hex            29%        N/A       1%          2
f - Summon Ice Beast      Ice/Summ       31%        N/A       6%          4
g - Summon Mana Viper     Hex/Summ       37%        N/A       9%          5
h - Summon Lightning Spi  Summ/Air       28%        N/A       9%          4
i - Corpse Rot            Necr/Air       N/A        N/A       12%         2

Your spell library contained the following spells:

 Spells                   Type           Power      Damage    Failure   Level
 Confusing Touch          Hex            29%        N/A       2%          3
 Sandblast                Erth           16%        2d6       10%         1
 Poisonous Vapours        Pois/Air       18%        N/A       12%         2
 Passwall                 Tmut/Erth      6%         N/A       16%         2
 Yara's Violent Unravell  Hex/Tmut       9%         3d6       61%         5
 Freezing Cloud           Conj/Ice/Air   6%         6-21      85%         5
 Lee's Rapid Deconstruct  Erth           4%         3d6*      95%         5
 Summon Horrible Things   Summ           22%        N/A       100%        8


Dungeon Overview and Level Annotations

Branches:
Dungeon (10/15)            Temple (1/1) D:7            Lair (0/6) D:9
    Orc (1/2) D:10

Altars:
Ashenzari
Cheibriados
Dithmenos
Elyvilon
Fedhas
Gozag
Hepliaklqana
Kikubaaqudgha
Makhleb
Nemelex Xobeh
Okawaru
Qazlal
Ru
Sif Muna
Trog
Uskayaw
Vehumet
Wu Jian
Xom
Yredelemnul
Zin
The Shining One

Shops:
D:1 (   D:6 (   D:7 !   Orc:1 *


Innate Abilities, Weirdness & Mutations

Your life essence is reduced to manifest your ancestor. (-10% HP)
You have razor-sharp toenails.
A weak demonic guardian rushes to your aid.
You regenerate a little health from kills.
Your movements are slightly less encumbered by armour. (ER -2)


Message History

Your ice beast hits the orc knight but does no damage.
You strike the helpless orc knight from behind!
You hit the orc knight.
The orc knight is severely wounded.
Casting: Summon Ice Beast (dangerous; 6% risk of failure)
Confirm with . or Enter, or press ? or * to list all spells.
Okay, then.
You hit the orc knight but do no damage.
The orc knight is severely wounded.
The orc knight roars a battlecry!
The orc warrior goes into a battle-frenzy!
Your ice beast hits the orc knight but does no damage.
You barely miss the orc knight.
The orc knight is severely wounded.
The orc knight completely misses you.
Your ice beast hits the orc knight but does no damage.
You hit the orc knight.
The orc knight is severely wounded.
The orc knight hits you with a +0 great sword!
Your ice beast misses the orc knight.
You hit the orc knight but do no damage.
The orc knight is severely wounded.
Your ice beast hits the orc knight but does no damage.
The orc knight hits you with a +0 great sword!
Your ice beast barely misses the orc knight.
The orc knight no longer looks unusually strong.
You hit the orc knight but do no damage.
The orc knight is severely wounded.
Your ice beast barely misses the orc knight.
The orc knight hits you with a +0 great sword!!
* * * LOW HITPOINT WARNING * * *
Unknown command.
Casting: Summon Ice Beast (dangerous; 6% risk of failure)
Confirm with . or Enter, or press ? or * to list all spells.
A chill wind blows around you.
The orc warrior hits you from afar with a +0 trident!
* * * LOW HITPOINT WARNING * * *
A demonic guardian appears!
Your ice beast misses the orc knight.
The orc knight hits you with a +0 great sword!!
You die...

##..#.### #...# #......##
##.## ##......#### ###.##
##..#.....####....# ##
#.........##..⌠.⌠### #..
#....#.....#....∩...## ##...
...#.............⌠.⌠...###....
..###.......5...........#.....
>#. #.##.....@oY..°.[.........
. .....#....Y....)...[.......
#..........o.).....)[...#.##
...............[[.))<..####
......^......>.......##
..#..............)...#
#..........[.#......### #
......................#.##
.......#................#


You could see an orc knight (ally target), an orc warrior (strong, ally target),
2 friendly ice beasts and a friendly ufetubus (summoned).

Vanquished Creatures
  A kobold demonologist (D:10)
  Prince Ribbit (D:7)
  A shadow (D:10)
  A warg (Orc:1)
  A water moccasin (D:5)
  An ogre (Orc:1)
  3 centaurs
  A bullfrog (D:8)
  4 killer bees (D:9)
  3 wights
  A howler monkey (D:8)
  An orc priest (D:8)
  A bullfrog skeleton (D:6)
  2 orc wizards
  3 ogre zombies (D:10)
  A gnoll (D:4)
  A shadow imp (D:6)
  An ufetubus (D:5)
  An adder skeleton (D:5)
  8 orcs
  2 endoplasms (D:1)
  4 giant cockroaches
  A goblin (D:3)
  3 hobgoblins
  2 jackals (D:1)
  4 kobolds
  2 ball pythons (D:3)
  A frilled lizard (D:1)
  2 goblin zombies (D:10)
  2 hobgoblin zombies (D:10)
  7 orc zombies (D:10)
  3 rats
70 creatures vanquished.

Vanquished Creatures (collateral kills)
  Erica (D:10)
  An orc high priest (D:10)
  Pikel (D:9)
  An orc sorcerer (Orc:1)
  Maggie (D:9)
  An unseen horror (D:10)
  Psyche (D:8)
  A kobold demonologist (D:10)
  A komodo dragon (D:9)
  A yak (D:9)
  A wraith (D:9)
  A shadow (D:10)
  2 wyverns
  A steam dragon (D:9)
  3 water moccasins
  An acid dragon (D:10)
  4 orc warriors
  3 black bears
  An ice beast (D:7)
  4 centaurs
  3 necrophages
  An ogre (D:5)
  2 phantoms
  4 bullfrogs (D:9)
  A kobold brigand (D:10)
  2 scorpions
  A troll zombie (D:10)
  A water moccasin skeleton (D:5)
  15 wights
  4 killer bees (D:9)
  A howler monkey (D:4)
  A centaur zombie (D:8)
  2 orc priests
  A hound (D:5)
  3 jellies
  2 centaur skeletons
  7 orc wizards
  A killer bee zombie (D:9)
  2 ogre zombies (D:10)
  2 gnolls (D:4)
  7 adders
  A shadow imp (D:8)
  2 white imps
  An ufetubus (D:6)
  2 worms
  17 orcs
  3 ball pythons
  2 bats
  6 endoplasms
  A giant cockroach (D:1)
  10 hobgoblins
  4 jackals (D:1)
  3 quokkas
  A ball python skeleton (D:3)
  5 frilled lizards
  6 goblins
  A hobgoblin skeleton (D:10)
  2 kobolds
  2 orc skeletons (D:10)
  5 orc zombies (D:10)
  2 rats
170 creatures vanquished.

Vanquished Creatures (others)
  An ettin (Orc:1)
  Harold (D:8)
  2 two-headed ogres
  An orc knight (Orc:1)
  A yak (D:9)
  A water moccasin (D:9)
  2 orc warriors
  2 killer bees (D:9)
  8 wights
  2 orc priests (D:10)
  An orc wizard (D:9)
  9 battlemagi
  A gnoll (D:4)
  4 ancestors
  43 fungi (D:9)
  39 plants
118 creatures vanquished.

Grand Total: 358 creatures vanquished

Notes
Turn   | Place    | Note
-------+----------+-------------------------------------------
     0 | D:1      | Icepheonix32 the Demonspawn Summoner began the quest for
                  | the Orb.
     0 | D:1      | Reached XP level 1. HP: 13/13 MP: 3/3
   824 | D:1      | Gained mutation: Your movements are slightly less
                  | encumbered by armour. (ER -2) [demonic ancestry]
   824 | D:1      | Reached XP level 2. HP: 19/19 MP: 1/5
  1549 | D:1      | Learned a level 2 spell: Call Imp
  1986 | D:1      | Found Buerimuu's Weapon Boutique.
  2116 | D:2      | Gained mutation: You regenerate a little health from kills.
                  | [demonic ancestry]
  2116 | D:2      | Reached XP level 3. HP: 14/24 MP: 2/6
  2299 | D:2      | Learned a level 3 spell: Summon Guardian Golem
  2432 | D:2      | Found a faded altar of an unknown god.
  3403 | D:2      | Got Gupnuat's Tome of the Escort
  3414 | D:2      | Found an ancient bone altar of Kikubaaqudgha.
  3740 | D:3      | Found a hazy altar of Hepliaklqana.
  3749 | D:3      | Found a stormy altar of Qazlal.
  3771 | D:3      | Became a worshipper of Hepliaklqana the Forgotten
  3972 | D:3      | Found a radiant altar of Vehumet.
  4179 | D:3      | Gained mutation: A weak demonic guardian rushes to your
                  | aid. [demonic ancestry]
  4179 | D:3      | Reached XP level 4. HP: 30/30 MP: 1/8
  4390 | D:4      | Reached skill level 5 in Summonings
  4633 | D:4      | Noticed a black bear
  4642 | D:4      | Killed a black bear
  4643 | D:4      | Reached XP level 5. HP: 35/35 MP: 0/9
  4648 | D:4      | Learned a level 3 spell: Call Canine Familiar
  4852 | D:4      | Noticed a necrophage
  4865 | D:4      | Killed a necrophage
  4866 | D:4      | Gained mutation: You have sharp toenails. [demonic
                  | ancestry]
  4866 | D:4      | Reached XP level 6. HP: 41/41 MP: 6/11
  5062 | D:4      | Reached * piety under Hepliaklqana
  5201 | D:5      | Entered Level 5 of the Dungeon
  5431 | D:5      | Reached skill level 1 in Hexes
  5431 | D:5      | Reached skill level 6 in Summonings
  5496 | D:5      | Identified the +3 flail "Qugesow" {flame, Dex+2 Stlth+}
  5587 | D:5      | Reached skill level 1 in Fighting
  5649 | D:5      | Noticed a water moccasin
  5672 | D:5      | Killed a water moccasin
  5673 | D:5      | Reached skill level 1 in Polearms
  5673 | D:5      | Reached XP level 7. HP: 11/43 MP: 11/13
  5999 | D:6      | Found Kufettiw's Antique Weapon Emporium.
  6006 | D:6      | Bought a runed scythe for 180 gold pieces
  6021 | D:6      | Reached skill level 1 in Invocations
  6175 | D:6      | Noticed a two-headed ogre
  6424 | D:6      | Reached skill level 5 in Spellcasting
  6473 | D:6      | Identified the +4 war axe of Sudden Death {vorpal, rPois
                  | Will+ Dex+6}
  6601 | D:6      | Killed a two-headed ogre
  6602 | D:6      | Reached skill level 1 in Armour
  6602 | D:6      | Reached skill level 7 in Summonings
  6602 | D:6      | Reached XP level 8. HP: 48/48 MP: 5/16
  6767 | D:6      | Identified the +7 arbalest of Giun Cagg {elec, rN++ Will-}
  7154 | D:6      | Reached ** piety under Hepliaklqana
  7155 | D:6      | Remembered your ancestor Wigmund as a battlemage
  7194 | D:7      | Found a staircase to the Ecumenical Temple.
  7218 | Temple   | Entered the Ecumenical Temple
  7409 | D:7      | Reached XP level 9. HP: 27/54 MP: 18/18
  7443 | D:7      | Reached skill level 8 in Summonings
  7657 | D:7      | Found Bocihal's Distillery.
  7663 | D:7      | Bought a potion of degeneration for 14 gold pieces
  7820 | D:7      | Learned a level 2 spell: Slow
  7957 | D:7      | Noticed Prince Ribbit
  7967 | D:7      | Killed Prince Ribbit
  8098 | D:7      | Found a basalt altar of Yredelemnul.
  8433 | D:8      | Noticed Harold
  8460 | D:8      | Killed Harold
  8461 | D:8      | Reached skill level 9 in Summonings
  8813 | D:8      | Reached skill level 5 in Invocations
  8942 | D:8      | Noticed Psyche
  8947 | D:8      | Killed Psyche
  8948 | D:8      | Reached XP level 10. HP: 60/60 MP: 21/21
  9429 | D:8      | Noticed a two-headed ogre
  9440 | D:8      | Killed a two-headed ogre
  9466 | D:8      | Found a broken altar of Ashenzari.
  9549 | D:8      | Learned a level 4 spell: Summon Ice Beast
  9555 | D:8      | Learned a level 5 spell: Summon Mana Viper
  9608 | D:9      | Noticed Pikel
  9652 | D:9      | Reached *** piety under Hepliaklqana
  9727 | D:9      | Reached skill level 5 in Hexes
  9743 | D:9      | Reached skill level 1 in Ice Magic
  9835 | D:9      | Found a staircase to the Lair.
  9835 | D:9      | Noticed Maggie
  9847 | D:9      | Killed Maggie
  9872 | D:9      | Learned a level 4 spell: Summon Lightning Spire
  9875 | D:9      | Learned a level 2 spell: Corpse Rot
 10039 | D:9      | Killed Pikel
 10538 | D:9      | Gained mutation: You have razor-sharp toenails. [demonic
                  | ancestry]
 10538 | D:9      | Reached XP level 11. HP: 58/64 MP: 9/24
 11105 | D:10     | Entered Level 10 of the Dungeon
 11105 | D:10     | Found a sparkling altar of Nemelex Xobeh.
 11117 | D:10     | Reached skill level 10 in Summonings
 11197 | D:10     | Noticed Erica
 11210 | D:10     | Killed Erica
 11498 | D:10     | Found a staircase to the Orcish Mines.
 11548 | D:10     | HP: 2/64 [something (27)]
 11809 | D:10     | Reached **** piety under Hepliaklqana
 12250 | Orc:1    | Entered Level 1 of the Orcish Mines
 12250 | Orc:1    | Found Muannem's Assorted Antiques.
 12253 | Orc:1    | Noticed an orc sorcerer
 12260 | Orc:1    | Noticed a sun demon
 12260 | Orc:1    | Killed an orc sorcerer
 12275 | Orc:1    | Noticed an ettin
 12285 | Orc:1    | Killed an ettin
 12485 | Orc:1    | Noticed an orc high priest
 12502 | D:10     | Killed an orc high priest
 12633 | Orc:1    | Bought a glowing amethyst potion for 28 gold pieces
 12633 | Orc:1    | Bought a glowing amethyst potion for 28 gold pieces
 12723 | Orc:1    | Noticed an orc knight
 12729 | Orc:1    | Noticed an orc knight
 12732 | Orc:1    | Killed an orc knight
 12750 | Orc:1    | HP: 1/65 [orc warrior (17)]
 12750 | Orc:1    | Annihilated by an orc knight

Illustrated notes

Levels and vault maps discovered:
D:1:      arrival_zaba_pyramid, layout_basic, serial_shops,
          nicolae_shop_waterfront
D:2:      layout_basic, hellmonk_ecumenical_altar_leap_of_faith,
          serial_bayou_pond_a, eino_curves_02, kennysheep_flooded_box,
          minmay_misc_feat_enclosed
D:3:      layout_rooms, vehumet_crystals, minitemple, minmay_surrounded
D:4:      layout_cave_pools
D:5:      layout_rooms, tso_oasis_becter
D:6:      layout_gridville, serial_shops, shop
D:7:      layout_basic, overflow_temple_1_default,
          minmay_temple_entry_drinking_statues, serial_shops,
          nicolae_shop_trees, amethyst_killhole, uniq_prince_ribbit1
D:8:      layout_loops_corners, lemuel_crystal_altar, overflow_temple_1_default,
          chequers_arboretum, grunt_ministairs_9, uniq_harold, uniq_psyche
D:9:      layout_basic, due_lair_maze_entry_diamond, serial_rivers,
          chequers_serial_rivers_micro_b, chequers_serial_rivers_marsh,
          chequers_serial_rivers_small_3, chequers_serial_rivers_micro_c,
          uniq_pikel, uniq_maggie
D:10:     layout_small_grid, amcnicky_altar_gilded, zombieorc1_lemuel,
          uniq_erica
Temple:   cyrus_circular_temple
Orc:1:    layout_caves, serial_shops, shop_fountains, guppyfry_orc_lava_fort

Skill      XL: |  1  2  3  4  5  6  7  8  9 10 11 |
---------------+----------------------------------+-----
Dodging        | 2 3 |  3.2
Summonings     | 5 6 7 9 10 | 10.6
Spellcasting   | 3 4 5 6 7 9 |  9.9
Stealth        | 2 3 |  3.1
Hexes          | 1 2 3 4 5 6 |  6.1
Fighting       | 1 2 |  2.4
Polearms       | 1 2 3 4 |  4.3
Invocations    | 3 5 |  5.1
Armour         | 1 2 4 |  4.6
Ice Magic      | 1 3 |  3.0
Axes           | |  0.1
Air Magic      | |  0.9
Evocations     | |  0.1

Action                   |  1- 3 |  4- 6 |  7- 9 | 10-12 || total
-------------------------+-------+-------+-------+-------++-------
Melee: Unarmed           |    26 |       |       |       ||    26
       Hand axe          |    45 |       |       |       ||    45
       Spear             |    50 |    71 |     7 |   245 ||   373
       Kick              |       |     6 |     2 |       ||     8
       Scythe            |       |       |    72 |     5 ||    77
Throw: Dart              |     6 |     1 |       |       ||     7
       Boomerang         |     2 |     4 |    15 |    13 ||    34
 Cast: Summon Small Mamm |    49 |     4 |     2 |     1 ||    56
       Call Imp          |    32 |    25 |    44 |    31 ||   132
       Summon Guardian G |       |     2 |    14 |    22 ||    38
       Call Canine Famil |       |     3 |    12 |    22 ||    37
       Slow              |       |       |       |     7 ||     7
       Summon Ice Beast  |       |       |       |    13 ||    13
       Summon Mana Viper |       |       |       |     8 ||     8
       Summon Lightning  |       |       |       |     3 ||     3
Invok: Ancestor Life: Ba |       |       |     1 |       ||     1
       Recall Ancestor   |       |       |       |     2 ||     2
Evoke: Wand              |       |       |       |     2 ||     2
  Use: Potion            |     1 |     1 |     2 |     2 ||     6
       Scroll            |       |     6 |     3 |     7 ||    16
 Stab: Sleeping          |     4 |     2 |     3 |     4 ||    13
       Distracted        |     1 |     1 |     1 |     5 ||     8
Armor: Robe              |    23 |       |       |       ||    23
       Leather armour    |     9 |    15 |       |       ||    24
       Ring mail         |       |       |    14 |       ||    14
       Scale mail        |       |       |    22 |     6 ||    28
       Acid dragon scale |       |       |       |    51 ||    51
Dodge: Dodged            |    83 |    37 |   105 |   144 ||   369
